 Dungeon Crawl Stone Soup version 0.20-a0-539-g174d061 (webtiles) character file.

2949 Devintownsend the Blocker (level 9, -2/74 HPs)
             Began as a Minotaur Fighter on Jan 28, 2017.
             Was a Priest of Okawaru.
             Slain by a two-headed ogre
             ... wielding a +0 giant club
              (23 damage)
             ... on level 7 of the Dungeon on Jan 29, 2017.
             The game lasted 00:30:37 (6252 turns).

Devintownsend the Blocker (Minotaur Fighter)        Turns: 6252, Time: 00:30:40

Health: -2/74      AC: 12    Str: 30    XL:     9   Next: 51%
Magic:  8/8        EV:  9    Int:  5    God:    Okawaru [***...]
Gold:   293        SH: 16    Dex: 11    Spells: 8/8 levels left

rFire    . . .     SeeInvis .   E - +2 war axe of Agiofful {freeze, rC++}
rCold    + + .     Gourm    .   F - +3 scale mail
rNeg     . . .     Faith    .   b - +2 shield
rPois    +         Spirit   .   (helmet restricted)
rElec    .         Reflect  .   (no cloak)
rCorr    .         Harm     .   x - +0 pair of gloves
MR       .....                  (no boots)
Stlth    ..........             (no amulet)
Regen    0.3/turn               G - ring of poison resistance
                                h - +2 ring of strength

@: mighty
A: retaliatory headbutt, horns 2
a: Heroism, Renounce Religion


You were on level 7 of the Dungeon.
You worshipped Okawaru.
Okawaru was most pleased with you.
You were not hungry.

You visited 2 branches of the dungeon, and saw 8 of its levels.
You also visited: Ossuary.

You collected 293 gold pieces.

Inventory:

Hand Weapons
 E - the +2 war axe of Agiofful (weapon) {freeze, rC++}
   (You found it on level 5 of the Dungeon)

   It has been specially enchanted to freeze those struck by it, causing extra
   injury to most foes and up to half again as much damage against particularly
   susceptible opponents.
   It can also slow down cold-blooded creatures.
   It greatly protects you from cold.
Missiles
 P - 6 tomahawks of returning (quivered)
Armour
 b - a +2 shield (worn)
 x - a +0 pair of gloves (worn)
 F - a +3 scale mail (worn)
 N - a +0 plate armour
Jewellery
 h - a +2 ring of strength (left hand)
 G - a ring of poison resistance (right hand)
 O - a +4 ring of slaying {unknown}
Wands
 l - a wand of polymorph (10/24)
 o - a wand of clouds (1/9)
 C - a wand of lightning (5/15)
 L - a wand of digging (14/24)
 M - a wand of flame (28/48)
Scrolls
 e - 9 scrolls of identify
 g - 3 scrolls of immolation
 m - 3 scrolls of amnesia
 p - 3 scrolls of remove curse
 q - 2 scrolls of blinking {unknown}
 s - 3 scrolls of enchant weapon {unknown}
 u - a scroll of fog {unknown}
 v - a scroll of magic mapping
 y - 2 scrolls of teleportation {unknown}
 A - a scroll of enchant armour {unknown}
 B - a scroll of fear {unknown}
 D - 2 scrolls of random uselessness {unknown}
 H - a scroll of recharging {unknown}
 K - a scroll of summoning {unknown}
Potions
 a - a potion of brilliance {unknown}
 d - 2 potions of might
 i - 3 potions of degeneration {unknown}
 j - 2 potions of cancellation {unknown}
 k - 6 potions of curing {unknown}
 n - a potion of mutation {unknown}
 t - 3 potions of haste {unknown}
 w - 2 potions of berserk rage {unknown}
 z - 2 potions of ambrosia {unknown}
 I - a potion of agility {unknown}
 J - 2 potions of magic {unknown}
Comestibles
 c - a meat ration
 f - 3 bread rations
 r - 4 royal jellies
 Q - 2 chunks of flesh


   Skills:
 - Level 5.2 Fighting
 - Level 6.5 Axes
 - Level 6.4 Armour
 - Level 0.3 Stealth
 + Level 13.0 Shields


You had 8 spell levels left.
You didn't know any spells.

Dungeon Overview and Level Annotations

Branches:
Dungeon (7/15)             Temple (1/1) D:4

Altars:
Dithmenos
Elyvilon
Fedhas
Gozag
Kikubaaqudgha
Makhleb
Nemelex Xobeh
Okawaru
Qazlal
Ru
Sif Muna
Trog
Uskayaw
Xom
Yredelemnul
Zin
The Shining One

Shops:
D:4 *   D:6 =


Innate Abilities, Weirdness & Mutations

You reflexively headbutt those who attack you in melee.
You have a pair of horns on your head.


Message History

The orc priest mumbles some strange prayers to Beogh against you.
Beogh smites you! The orc hits you but does no damage.
You block the orc priest's attack.
The orc priest hits you but does no damage.
Found a stone staircase leading down.
Okay, then.
You feel very mighty all of a sudden. You block the two-headed ogre's attack.
The two-headed ogre hits you with a giant club!
* * * LOW HITPOINT WARNING * * *
You block the orc's attack. You block the orc priest's attack.
The orc priest hits you but does no damage.
You slice the orc!! You freeze the orc.
You kill the orc!
Okawaru accepts your kill.
You slice the two-headed ogre!! You freeze the two-headed ogre!
You hit the orc priest. You freeze the orc priest.
You block the two-headed ogre's attack.
The two-headed ogre hits you with a giant club!!
You die...

# .# # .# #
##.#### ###
#....> #.. .....
#.( #..# #.(
####.###..# #
#<. ....oo)@o.#
.## #..
####.###O##...##
....
#....l.......
#.#..
#####.##...##
#.#.. #.# .... .
... #.# ### ..
..# #.# ## .###
#.## #..#


You could see a two-headed ogre, an iguana and 3 orc priests.

Vanquished Creatures
  The ghost of a5tp the Cudgeler, an amateur GrFi of Okawaru (Ossuary)
  Sigmund (D:6)
  An orc warrior (D:6)
  A sky beast (D:5)
  2 ice beasts (D:6)
  A black bear (D:7)
  A centaur (D:7)
  3 ogres
  A big kobold (D:7)
  3 bullfrogs
  2 water moccasin zombies (Ossuary)
  3 killer bees (D:7)
  3 crimson imps
  4 hounds
  2 jellies
  7 orc priests
  2 centaur skeletons
  5 iguanas
  2 bullfrog skeletons
  4 orc wizards
  9 worker ants
  3 big kobold zombies (Ossuary)
  A hound zombie (D:6)
  2 mummies (Ossuary)
  A howler monkey skeleton (D:5)
  4 gnolls (D:5)
  9 adders
  A shadow imp (D:5)
  An ooze (D:5)
  4 adder zombies (Ossuary)
  3 worms
  2 leopard geckos
  16 orcs
  A ball python (D:3)
  8 bats
  7 giant cockroaches
  2 gnoll zombies (Ossuary)
  6 goblins
  2 hobgoblins (D:3)
  8 jackals
  8 kobolds
  2 quokkas (D:3)
  5 frilled lizards
  10 kobold zombies (Ossuary)
  An orc zombie (Ossuary)
  A quokka skeleton (D:7)
  10 rats
176 creatures vanquished.

Vanquished Creatures (others)
  A hobgoblin zombie (Ossuary)
  4 plants (D:5)
5 creatures vanquished.

Grand Total: 181 creatures vanquished

Notes
Turn   | Place    | Note
-------+----------+-------------------------------------------
     0 | D:1      | Devintownsend the Minotaur Fighter began the quest for the Orb.
     0 | D:1      | Reached XP level 1. HP: 19/19 MP: 0/0
   228 | D:1      | Reached XP level 2. HP: 26/27 MP: 1/1
   619 | D:2      | Reached skill level 4 in Shields
   627 | D:2      | Reached XP level 3. HP: 26/33 MP: 2/2
   641 | D:2      | Found a faded altar of an unknown god.
   796 | D:2      | Found a glowing silver altar of Zin.
   797 | D:2      | Noticed an angel
  1347 | D:3      | Reached XP level 4. HP: 22/40 MP: 3/3
  1625 | D:3      | Found a stormy altar of Qazlal.
  1906 | D:3      | Reached skill level 5 in Shields
  1925 | D:3      | Reached XP level 5. HP: 47/47 MP: 4/4
  2530 | D:4      | Found Highoymp's Assorted Antiques.
  2545 | D:4      | Found a staircase to the Ecumenical Temple.
  2557 | D:4      | Reached skill level 5 in Armour
  2571 | Temple   | Entered the Ecumenical Temple
  2635 | Temple   | Became a worshipper of Warmaster Okawaru
  2669 | D:4      | Reached XP level 6. HP: 43/53 MP: 5/5
  2785 | D:4      | Reached skill level 6 in Shields
  2980 | D:4      | Reached skill level 5 in Axes
  3151 | D:4      | Reached XP level 7. HP: 38/60 MP: 6/6
  3157 | D:4      | Reached * piety under Okawaru
  3851 | D:5      | Entered Level 5 of the Dungeon
  3860 | D:5      | Got a dazzling war axe
  3870 | D:5      | Reached skill level 5 in Fighting
  3896 | D:5      | Identified the +2 war axe of Agiofful {freeze, rC++} (You found it on level 5 of the Dungeon)
  3919 | D:5      | Found a glowing golden altar of the Shining One.
  3930 | D:5      | Found a sacrificial altar of Ru.
  4016 | D:5      | Found a sand-covered staircase.
  4058 | Ossuary  | Entered an ossuary
  4113 | Ossuary  | Noticed a5tp's ghost (amateur GrFi)
  4119 | Ossuary  | Killed a5tp's ghost
  4178 | Ossuary  | Reached ** piety under Okawaru
  4183 | Ossuary  | Reached skill level 7 in Shields
  4217 | Ossuary  | Reached XP level 8. HP: 57/68 MP: 7/7
  4517 | D:5      | Reached skill level 8 in Shields
  4694 | D:5      | Reached skill level 9 in Shields
  5249 | D:6      | Noticed Sigmund
  5253 | D:6      | Killed Sigmund
  5253 | D:6      | Reached skill level 10 in Shields
  5335 | D:6      | Reached *** piety under Okawaru
  5364 | D:6      | Found Iphyhei's Jewellery Shoppe.
  5505 | D:6      | Reached skill level 11 in Shields
  5678 | D:6      | Reached XP level 9. HP: 73/74 MP: 8/8
  5768 | D:6      | Received a gift from Okawaru
  5788 | D:6      | Found an ancient bone altar of Kikubaaqudgha.
  5906 | D:6      | Reached skill level 12 in Shields
  6204 | D:7      | Reached skill level 13 in Shields
  6245 | D:7      | Noticed a two-headed ogre
  6252 | D:7      | Slain by a two-headed ogre

Vault maps used:
D:1:      doesnt_arrival_goblin_jail, minmay_misc_feat_tiny
D:2:      zin_angel, chequers_ecumenical_altar_simple, minmay_misc_feat_roman
D:3:      lemuel_round_altar
D:4:      minmay_temple_entry_statues_pillars, serial_shops, kennysheep_mini,
          first_bread, fountainhead
D:5:      nicolae_overflow_hidden_temple, nicolae_ru_awakened_eye, serial_bayou,
          serial_bayou_shore_b, serial_bayou_pond_b, serial_bayou_shore_a,
          serial_bayou_pond_c, nicolae_ossuary_entry_false_entrances
D:6:      lemuel_round_altar, serial_shops, nicolae_shop_waterfront,
          uniq_sigmund
D:7:      guppyfry_shop_venom
Temple:   nicolae_temple_hex_pool
Ossuary:  ossuary_tomb_2

Skill      XL: |  1  2  3  4  5  6  7  8  9 |
---------------+----------------------------+-----
Fighting       | 4 5 |  5.2
Armour         | 4 5 6 |  6.4
Shields        | 4 5 6 7 11 13 | 13.0
Axes           | 3 4 5 6 |  6.5
Stealth        | |  0.3

Action                   |  1- 3 |  4- 6 |  7- 9 || total
-------------------------+-------+-------+-------++-------
Melee: War axe           |    92 |   134 |   274 ||   500
       Headbutt          |    10 |    23 |    50 ||    83
  Use: Scroll            |       |     4 |       ||     4
       Potion            |       |       |     1 ||     1
  Eat: Chunk             |       |     7 |    11 ||    18
Armor: Scale mail        |     7 |       |    58 ||    65
       Chain mail        |    53 |    49 |    12 ||   114
Dodge: Dodged            |    28 |    27 |    65 ||   120
Block: Shield            |    73 |    96 |   221 ||   390
